 Dungeon Crawl Stone Soup version 0.26.1-11-gd32895ea62 (webtiles) character file.

Game seed: 10845041963712534508

37720 Eitelfritz the Severer (level 13, 0/119 HPs)
             Began as a Hill Orc Fighter on May 15, 2021.
             Was a High Priest of the Shining One.
             Slain by a cyan ugly thing (12 damage)
             ... on level 14 of the Dungeon.
             The game lasted 00:44:04 (18328 turns).

Eitelfritz the Severer (Hill Orc Fighter)          Turns: 18328, Time: 00:44:05

Health: 0/119      AC:  9    Str: 26    XL:     13   Next: 98%
Magic:  0/13       EV: 10    Int:  9    God:    the Shining One [*****.]
Gold:   645        SH: 14    Dex: 10    Spells: 12/12 levels left

rFire    . . .     SeeInvis .   a - +1 war axe (vorpal)
rCold    + + .     Faith    .   c - +1 kite shield
rNeg     + + +     Spirit   +   H - +1 chain mail {rC+}
rPois    .         Reflect  .   e - +1 helmet
rElec    .         Harm     .   B - scarf {repulsion}
rCorr    .         Rampage  .   J - +2 pair of gloves {Str+3}
Will     .....                  x - +0 pair of boots
Stlth    ..........             t - amulet of guardian spirit
HPRegen  0.29/turn              i - ring of positive energy
MPRegen  0.13/turn              V - ring of protection from cold

@: mighty, corroded, glowing, repel missiles
A: no striking features
a: Renounce Religion, Divine Shield, Cleansing Flame, Summon Divine Warrior


You were on level 14 of the Dungeon.
You worshipped the Shining One.
The Shining One was extremely pleased with you.
You visited 2 branches of the dungeon, and saw 15 of its levels.
You also visited: Sewer, Ossuary and Ice Cave.

You collected 1203 gold pieces.
You spent 558 gold pieces at shops.

Inventory:

Hand Weapons
 a - a +1 vorpal war axe (weapon)
 b - a +4 hand crossbow
 L - a +3 scimitar of flaming
Missiles
 o - a throwing net (quivered)
 N - 12 silver boomerangs
 T - 14 javelins
 U - 67 bolts
Armour
 c - a +1 kite shield (worn)
 e - a +1 helmet (worn)
 x - a +0 pair of boots (worn)
 B - a scarf of repulsion (worn)
 H - a +1 chain mail of cold resistance (worn)
 J - a +2 pair of gloves of strength (worn)
Jewellery
 i - a ring of positive energy (left hand)
 k - an uncursed amulet of the acrobat
 t - an amulet of guardian spirit (around neck)
 C - a +6 ring of dexterity
 M - an uncursed ring of magical power
 P - a cursed ring of teleportation {unknown}
 Q - the amulet of Titos {Spirit MP-9 Slay-5 SInv Stlth+}
   (You found it on level 9 of the Dungeon)

   [amulet of guardian spirit]

   It causes incoming damage to be split between your health and magic.
   It affects your accuracy and damage with ranged weapons and melee attacks
   (-5).
   It affects your magic capacity (-9).
   It lets you see invisible.
   It makes you more stealthy.
 V - a ring of protection from cold (right hand)
 W - an uncursed ring of wizardry
Wands
 l - a wand of iceblast (6)
 n - a wand of flame (64)
 r - a wand of paralysis (7)
 y - a wand of enslavement (8)
 O - a wand of acid (8)
Scrolls
 f - 3 scrolls of fear
 g - 3 scrolls of amnesia
 h - 7 scrolls of remove curse
 q - 12 scrolls of teleportation
 v - 3 scrolls of blinking
 G - 3 scrolls of enchant armour
 R - a scroll of fog {unknown}
 S - a scroll of enchant weapon
Potions
 d - 2 potions of might
 j - 2 potions of magic {unknown}
 m - 3 potions of lignification {unknown}
 p - 12 potions of curing
 s - 6 potions of invisibility
 u - 5 potions of cancellation
 w - a potion of brilliance {unknown}
 z - 2 potions of degeneration {unknown}
 A - a potion of berserk rage
 E - 3 potions of haste
 F - 2 potions of flight {unknown}
 I - a potion of ambrosia {unknown}
 K - a potion of heal wounds


   Skills:
 + Level 12.7 Fighting
 + Level 17.5 Axes
 + Level 0.8 Slings
 + Level 1.0 Crossbows
 + Level 12.1 Armour
 + Level 4.1 Dodging
 + Level 1.1 Stealth
 + Level 11.5 Shields


You had 12 spell levels left.
You didn't know any spells.
Your spell library contained the following spells:

 Spells                   Type           Power        Failure   Level
 Animate Skeleton         Necr           0%           95%         1
 Apportation              Tloc           0%           95%         1
 Beastly Appendage        Tmut           0%           95%         1
 Corona                   Hex            0%           95%         1
 Summon Small Mammal      Summ           0%           95%         1
 Poisonous Vapours        Pois/Air       0%           99%         2
 Wereblood                Tmut           0%           99%         2
 Conjure Flame            Conj/Fire      0%           100%        3
 Mephitic Cloud           Conj/Pois/Air  0%           100%        3
 Spider Form              Tmut/Pois      0%           100%        3
 Ice Form                 Ice/Tmut       0%           100%        4
 Blade Hands              Tmut           0%           100%        5
 Irradiate                Conj/Tmut      0%           100%        5
 Freezing Cloud           Conj/Ice/Air   0%           100%        6
 Hydra Form               Tmut           0%           100%        6
 Statue Form              Tmut/Erth      0%           100%        6
 Dragon Form              Tmut           0%           100%        7


Dungeon Overview and Level Annotations

Branches:
Dungeon (14/15)            Temple (1/1) D:6            Lair (0/6) D:9
    Orc (0/2) D:12          Sewer (visited)         Ossuary (visited)
  IceCv (visited)
 Vaults: D:13-14

Altars:
Ashenzari
Cheibriados
Dithmenos
Elyvilon
Fedhas
Gozag
Hepliaklqana
Kikubaaqudgha
Makhleb
Nemelex Xobeh
Okawaru
Qazlal
Ru
Sif Muna
Trog
Uskayaw
Vehumet
Wu Jian
Xom
Yredelemnul
Zin
The Shining One
Beogh

Shops:
D:5 [


Message History

* * * LOW HITPOINT WARNING * * *
Unknown command.
You see here an ugly thing corpse.
You feel very mighty all of a sudden.
The brown ugly thing basks in the mutagenic energy from its kin and changes!
You completely miss the cyan ugly thing.
The cyan ugly thing is moderately wounded.
You barely miss the cyan ugly thing.
The cyan ugly thing is moderately wounded.
You slice the cyan ugly thing!!
The cyan ugly thing is almost dead.
You block the cyan ugly thing's attack.
You slash the cyan ugly thing!
You kill the cyan ugly thing!
You slash the cyan ugly thing!
The cyan ugly thing is lightly wounded.
The cyan ugly thing engulfs you!
* * * LOW HITPOINT WARNING * * *
The cyan ugly thing shocks you!
You die...

##### #...##########
####### #...(.).......
.......
###...#############.......
.........# #..@u...#
####.###.### #.####.!#
#.#.....###.# ..#
####.#......##.# ..#
............##.####..###
###.....................
#.....#######†#######. #
#...#.# #.# ###...#.#
#####.#####


You could see a cyan ugly thing.

Vanquished Creatures
  Rupert (D:12)
  A frost giant (IceCv)
  Nessos (D:12)
  3 centaur warriors
  6 two-headed ogres
  The ghost of Almogavar the Spear-Bearer, a novice MfBe of Trog (D:7)
  2 unseen horrors
  An unseen horror (shapeshifter) (D:8)
  2 manticores (D:12)
  6 ugly things
  2 cyclopes (D:12)
  2 centaur zombies
  An ice statue (IceCv)
  Psyche (D:8)
  A gargoyle (D:12)
  3 kobold demonologists (D:12)
  Maggie (D:8)
  2 rime drakes (IceCv)
  An efreet (D:8)
  4 trolls
  A tengu conjurer (D:14)
  13 polar bears (IceCv)
  Grinder (D:4)
  Sigmund (D:5)
  A shadow (D:12)
  A wyvern (D:9)
  26 yaks
  3 wraiths
  Eustachio (D:4)
  3 vampire mosquitoes (D:12)
  2 basilisks (D:9)
  4 water moccasins
  6 orc warriors
  3 sky beasts
  A black bear (D:13)
  2 necrophages
  12 ice beasts
  5 ogres
  2 phantoms
  3 eyes of draining
  13 wolves (IceCv)
  2 centaurs
  2 big kobolds
  8 bullfrogs
  3 wyvern zombies
  An elf skeleton (D:7)
  6 scorpions
  16 killer bees
  12 wights
  2 howler monkeys
  3 bullfrog zombies
  A lava snake (D:12)
  3 hounds
  6 orc priests
  3 jellies
  9 orc wizards
  4 centaur skeletons
  A bullfrog skeleton (D:4)
  2 human skeletons (D:7)
  5 iguanas
  9 worker ants
  A big kobold zombie (Ossuary)
  A hound zombie (D:7)
  8 mummies (Ossuary)
  A hound skeleton (D:8)
  A howler monkey skeleton (D:5)
  18 adders
  3 gnolls (D:5)
  2 shadow imps
  3 white imps
  An ooze (D:3)
  An adder skeleton (D:5)
  An adder zombie (D:5)
  A worm (D:2)
  4 dart slugs
  6 leopard geckos
  33 orcs
  6 giant cockroaches
  9 hobgoblins
  12 jackals
  3 quokkas
  6 ball pythons
  10 bats
  9 frilled lizards
  2 gnoll zombies (Ossuary)
  15 goblins
  2 hobgoblin zombies (Ossuary)
  31 kobolds
  A kobold zombie (Ossuary)
  A leopard gecko skeleton (D:4)
  3 orc skeletons (D:7)
  2 orc zombies (Ossuary)
  2 quokka skeletons
  10 rats
  5 bushes (D:1)
458 creatures vanquished.

Vanquished Creatures (others)
  A polar bear (IceCv)
  A wolf (IceCv)
  A bush (D:9)
  5 fungi (D:9)
  43 plants
51 creatures vanquished.

Grand Total: 509 creatures vanquished

Notes
Turn   | Place    | Note
-------+----------+-------------------------------------------
     0 | D:1      | Eitelfritz the Hill Orc Fighter began the quest for the
                  | Orb.
     0 | D:1      | Reached XP level 1. HP: 19/19 MP: 1/1
    68 | D:1      | Reached XP level 2. HP: 14/27 MP: 2/2
   445 | D:1      | Reached skill level 3 in Axes
   447 | D:1      | Reached XP level 3. HP: 13/33 MP: 3/3
  1416 | D:2      | Reached XP level 4. HP: 39/40 MP: 4/4
  1745 | D:2      | Reached skill level 4 in Axes
  1906 | D:2      | Found a shimmering altar of Xom.
  2270 | D:3      | Reached XP level 5. HP: 47/47 MP: 5/5
  2902 | D:3      | Reached skill level 5 in Axes
  3454 | D:4      | Reached XP level 6. HP: 53/53 MP: 6/6
  3648 | D:4      | Noticed Grinder
  3656 | D:4      | Paralysed by Grinder for 4 turns
  3667 | D:4      | Killed Grinder
  3668 | D:4      | Reached skill level 6 in Axes
  3668 | D:4      | Reached skill level 1 in Dodging
  3704 | D:4      | Noticed Eustachio
  3734 | D:4      | Killed Eustachio
  3735 | D:4      | Reached skill level 5 in Fighting
  3735 | D:4      | Reached skill level 5 in Armour
  3735 | D:4      | Reached XP level 7. HP: 16/61 MP: 7/7
  4011 | D:4      | Found a stormy altar of Qazlal.
  4075 | D:4      | Reached skill level 7 in Axes
  4212 | D:4      | Reached skill level 5 in Shields
  4344 | D:5      | Entered Level 5 of the Dungeon
  4468 | D:5      | Found a glowing drain.
  4485 | Sewer    | Entered a sewer
  5295 | D:5      | Noticed Sigmund
  5299 | D:5      | Reached XP level 8. HP: 66/68 MP: 8/8
  5304 | D:5      | Killed Sigmund
  5305 | D:5      | Reached skill level 8 in Axes
  5422 | D:5      | Found Ewest's Antique Armour Boutique.
  5875 | D:5      | Found an ornate altar of the Wu Jian Council.
  6496 | D:6      | Found a shimmering blue altar of Sif Muna.
  6675 | D:6      | Found a staircase to the Ecumenical Temple.
  6695 | Temple   | Entered the Ecumenical Temple
  6735 | Temple   | Became a worshipper of the Shining One
  7016 | D:7      | Reached skill level 9 in Axes
  7062 | D:7      | Reached XP level 9. HP: 25/75 MP: 9/9
  7245 | D:7      | Found a runed translucent gate.
  7245 | D:7      | Found a runed translucent gate.
  7245 | D:7      | Found a runed translucent gate.
  7248 | D:7      | Noticed Almogavar's ghost (novice MfBe)
  7250 | D:7      | Identified the cursed +1 great sword "Ratzoisch" {speed,
                  | +Inv rN++ Dex-2}
  7252 | D:7      | Found a roughly hewn altar of Beogh.
  7433 | D:7      | Reached * piety under the Shining One
  7446 | D:7      | Found a sand-covered staircase.
  7477 | Ossuary  | Entered an ossuary
  7504 | Ossuary  | Reached ** piety under the Shining One
  7507 | Ossuary  | Reached skill level 10 in Axes
  8288 | D:8      | Noticed Maggie
  8309 | D:8      | Killed Maggie
  8390 | D:8      | Reached skill level 11 in Axes
  8736 | D:8      | Noticed an unseen horror
  8746 | D:8      | Killed an unseen horror
  8746 | D:8      | Noticed an efreet
  8746 | D:8      | Reached *** piety under the Shining One
  8747 | D:8      | Reached skill level 12 in Axes
  8747 | D:8      | Reached XP level 10. HP: 68/86 MP: 7/10
  8773 | D:8      | HP: 1/88 [wraith (6)]
  8790 | D:8      | Noticed a two-headed ogre
  8799 | D:8      | Killed a two-headed ogre
  8899 | D:8      | Noticed a two-headed ogre
  8909 | D:8      | Killed a two-headed ogre
  8910 | D:8      | Reached skill level 13 in Axes
  9385 | D:8      | Found a glowing silver altar of Zin.
  9385 | D:8      | Found a radiant altar of Vehumet.
  9454 | D:8      | Noticed Psyche
  9465 | D:8      | Killed Psyche
  9974 | D:5      | Bought a jacinth-encrusted scale mail for 279 gold pieces
  9974 | D:5      | Bought an ancient scale mail for 279 gold pieces
  9985 | D:5      | Identified the +9 scale mail of the Bulwark {rF- Regen+
                  | Dex+3} (You bought it in a shop on level 5 of the Dungeon)
  9995 | D:5      | Identified the cursed +0 scale mail "Evueheh" {Regen+ MP+9
                  | Int+6} (You bought it in a shop on level 5 of the Dungeon)
 10105 | D:7      | Killed Almogavar's ghost
 10106 | D:7      | Reached XP level 11. HP: 37/97 MP: 6/11
 10360 | D:9      | Found a blossoming altar of Fedhas.
 10421 | D:9      | Noticed a two-headed ogre
 10428 | D:9      | Killed a two-headed ogre
 10429 | D:9      | Reached skill level 14 in Axes
 10844 | D:9      | Reached **** piety under the Shining One
 10845 | D:9      | Found a staircase to the Lair.
 10879 | D:9      | Reached skill level 1 in Stealth
 11380 | D:9      | Got a glittering ivory amulet
 11450 | D:10     | Entered Level 10 of the Dungeon
 11456 | D:10     | Reached skill level 15 in Axes
 11599 | D:10     | Noticed an unseen horror
 11604 | D:10     | Killed an unseen horror
 12023 | D:10     | Reached skill level 10 in Fighting
 12212 | D:11     | Noticed a two-headed ogre
 12221 | D:11     | Killed a two-headed ogre
 12222 | D:11     | Reached XP level 12. HP: 99/106 MP: 12/12
 12279 | D:11     | Found a frozen archway.
 12326 | IceCv    | Entered an ice cave
 12336 | IceCv    | Reached ***** piety under the Shining One
 12347 | IceCv    | Reached skill level 16 in Axes
 13452 | IceCv    | Noticed a frost giant
 13481 | IceCv    | Killed a frost giant
 13482 | IceCv    | Reached skill level 10 in Armour
 13482 | IceCv    | Reached skill level 10 in Shields
 14332 | IceCv    | Identified the amulet of Titos {Spirit MP-9 Slay-5 SInv
                  | Stlth+} (You found it on level 9 of the Dungeon)
 14560 | IceCv    | Got a dazzling leather armour
 14601 | IceCv    | Identified the +6 leather armour "Goxt" {rElec Regen+ MP+9
                  | Int+4} (You found it in an ice cave)
 14982 | D:11     | Reached XP level 13. HP: 116/116 MP: 13/13
 15918 | D:12     | Reached skill level 17 in Axes
 15934 | D:12     | Noticed Rupert
 15941 | D:12     | HP: 5/116 [Rupert/+1 great sword of freezing (20)]
 15941 | D:12     | HP: 2/116 [Rupert/+1 great sword of freezing (3)]
 15942 | D:12     | The Shining One protects you from harm!
 15952 | D:12     | HP: 4/116 [Rupert/+1 great sword of freezing (17)]
 15954 | D:12     | Killed Rupert
 16507 | D:12     | Noticed Nessos
 16541 | D:12     | Killed Nessos
 16542 | D:12     | Reached skill level 1 in Crossbows
 16975 | D:12     | Found a staircase to the Orcish Mines.
 18328 | D:14     | Slain by a cyan ugly thing

Illustrated notes

Levels and vault maps discovered:
D:1:      ncdulo_wetmaze, layout_rooms, lexackson_kobold_supper
D:2:      layout_loops_ring, xom_teletrap_fun
D:3:      layout_loops_corners
D:4:      layout_rooms, nicolae_qazlal_general_emergency, uniq_eustachio,
          uniq_grinder
D:5:      layout_loops_ring, general_overflow_altar, serial_shops, shop,
          portal_sewer_entry_b, uniq_sigmund
D:6:      layout_loops_cross, tgw_sif, minmay_temple_entry_hall
D:7:      layout_basic, biasface_ghost_orc_armoury,
          nicolae_ossuary_entry_catacombs, roderic_malta_cross,
          minmay_misc_feat_nine_boxes, minmay_misc_feat_tower, hex_large,
          minivault_27, minivault_11
D:8:      hangedman_cross_veins, layout_loops_ring,
          gammafunk_temple_overflow_statue, serial_park_tiny_1,
          minmay_unpleasant_kobolds, uniq_maggie, uniq_psyche
D:9:      layout_long_grid, overflow_temple_1_default, minmay_lair_entry_grove,
          minmay_variable_closet
D:10:     layout_gridville
D:11:     layout_rooms, portal_ice_cave_entry_ice_beasts
D:12:     layout_rooms, orc_0_dummy, nicolae_lava_and_water,
          small_statue_alley_a, uniq_nessos, uniq_rupert
D:13:     layout_roguey
D:14:     layout_loops_ring, grunt_vaults_entry_fortified, minmay_door_square,
          kennysheep_nub
Temple:   regret_index_temple_waves

Skill      XL: |  1  2  3  4  5  6  7  8  9 10 11 12 13 |
---------------+----------------------------------------+-----
Fighting       | 4 5 6 7 9 10 11 12 | 12.7
Axes           | 3 4 5 6 7 9 12 13 15 16 17 | 17.5
Shields        | 4 5 6 7 8 9 10 11 | 11.5
Armour         | 4 5 6 7 8 9 10 12 | 12.1
Dodging        | 1 2 3 4 |  4.1
Stealth        | 1 |  1.1
Crossbows      | 1 |  1.0
Slings         | |  0.8

Action                   |  1- 3 |  4- 6 |  7- 9 | 10-12 | 13-15 || total
-------------------------+-------+-------+-------+-------+-------++-------
Melee: War axe           |   250 |   196 |   363 |   474 |   246 ||  1529
 Fire: Hunting sling     |       |       |    10 |       |       ||    10
       Hand crossbow     |       |       |       |       |     4 ||     4
  Use: Scroll            |       |     6 |     8 |     6 |     3 ||    23
       Potion            |       |     1 |     7 |     8 |     5 ||    21
Armor: Scale mail        |    56 |    80 |    93 |       |       ||   229
       Chain mail        |       |       |    31 |   193 |    97 ||   321
Dodge: Dodged            |    41 |    59 |   107 |   122 |    64 ||   393
       Repelled          |       |       |       |     3 |     3 ||     6
Block: Kite shield       |    72 |   109 |   184 |   288 |   157 ||   810
